 Dungeon Crawl Stone Soup version 0.22.0-60-ga52c2fcf6e (webtiles) character file.

2902 Drachen the Blocker (level 9, -3/56 HPs)
             Began as an Octopode Fighter on Sept 10, 2018.
             Was a Priest of Okawaru.
             Killed from afar by an orc wizard (8 damage)
             ... with a magic dart
             ... on level 9 of the Dungeon.
             The game lasted 00:19:22 (9028 turns).

Drachen the Blocker (Octopode Fighter)              Turns: 9028, Time: 00:19:23

Health: -3/56      AC:  8    Str: 17    XL:     9   Next: 78%
Magic:  9/9        EV: 17    Int: 11    God:    Okawaru [***...]
Gold:   397        SH: 11    Dex: 16    Spells: 8/8 levels left

rFire    . . .     SeeInvis .   m - +4 falchion (protect)
rCold    + . .     Gourm    .   b - +0 shield
rNeg     . . .     Faith    .   (helmet restricted)
rPois    .         Spirit   .   (no amulet)
rElec    .         Reflect  .   v - ring of protection from cold
rCorr    .         Harm     .   A - +2 ring of strength
MR       .....                  C - +2 ring of dexterity
Stlth    ++++......             (no ring)
HPRegen  0.18/turn              (no ring)
MPRegen  0.11/turn              (no ring)
                                (no ring)
                                (no ring)

@: protection aura, hasted, very quick
A: almost no armour, stealthy swim, amphibious, 8 rings, constrict 8, camouflage
1, gelatinous body 1
a: Heroism, Renounce Religion


You were on level 9 of the Dungeon.
You worshipped Okawaru.
Okawaru was most pleased with you.
You were not hungry.

You visited 1 branch of the dungeon, and saw 9 of its levels.

You collected 539 gold pieces.
You spent 142 gold pieces at shops.

Inventory:

Hand Weapons
 a - a +0 long sword
 m - a +4 falchion of protection (weapon)
 r - a +0 scimitar
Missiles
 g - 12 tomahawks (quivered)
 p - a throwing net
 w - 3 tomahawks of returning
Armour
 b - a +0 shield (worn)
Jewellery
 v - a ring of protection from cold (left tentacle)
 A - a +2 ring of strength (right tentacle)
 C - a +2 ring of dexterity (on tentacle)
Wands
 e - a wand of flame (75)
 k - a wand of random effects (29)
 y - a wand of iceblast (21)
 D - a wand of disintegration (7)
 E - a wand of polymorph (9)
Scrolls
 h - 6 scrolls of identify
 i - 5 scrolls of teleportation
 j - 3 scrolls of amnesia {unknown}
 l - 4 scrolls of noise {unknown}
 o - 3 scrolls of immolation {unknown}
 q - 3 scrolls of blinking {unknown}
 s - 2 scrolls of magic mapping {unknown}
 t - 3 scrolls of remove curse {unknown}
 u - a scroll of fear {unknown}
 x - a scroll of enchant armour {unknown}
Potions
 c - a potion of might
 n - 2 potions of cancellation
 z - 3 potions of curing {unknown}
 B - a potion of degeneration {unknown}
 F - a potion of brilliance
Comestibles
 d - 19 rations


   Skills:
 - Level 3.0 Fighting
 + Level 7.5 Long Blades
 + Level 7.9 Dodging
 - Level 5.3 Stealth
 + Level 8.0 Shields


You had 8 spell levels left.
You didn't know any spells.
Your spell library contained the following spells:

 Spells                   Type           Power        Failure   Level  Hunger
 Flame Tongue             Conj/Fire      #....        65%         1    ##.....
 Throw Flame              Conj/Fire      #.....       78%         2    ###....
 Conjure Flame            Conj/Fire      #.......     95%         3    ####...
 Inner Flame              Hex/Fire       #.......     95%         3    ####...
 Sticky Flame             Conj/Fire      #.......     100%        4    #####..
 Fireball                 Conj/Fire      #.........   100%        5    ######.


Dungeon Overview and Level Annotations

Branches:
Dungeon (9/15)             Temple (0/1) D:5
   Lair: D:8-11         Orc: D:9-12

Altars:
Okawaru
Trog
Xom

Shops:
D:5 *   D:6 (


Innate Abilities, Weirdness & Mutations

You cannot wear most types of armour.
You are very stealthy in the water. (Stealth+)
You are amphibious.
You can wear up to eight rings at the same time.
You can use your tentacles to constrict eight enemies at once.
Your skin changes colour to match your surroundings (Stealth+).
Your rubbery body absorbs attacks. (AC +1, EV +1)


Message History

You hit the two-headed ogre.
The two-headed ogre is moderately wounded.
You block the two-headed ogre's attack.
The two-headed ogre hits you with a giant spiked club!
You hit the two-headed ogre.
The two-headed ogre is moderately wounded.
You hit the two-headed ogre. You squeeze the two-headed ogre!
The two-headed ogre is severely wounded.
The orc wizard casts a spell.
The orc wizard blinks!
The two-headed ogre misses you. The two-headed ogre barely misses you.
You hit the two-headed ogre.
Your squeeze misses the two-headed ogre.
The two-headed ogre is severely wounded.
The two-headed ogre hits you with a dire flail!
The two-headed ogre hits you with a giant spiked club!
* * * LOW HITPOINT WARNING * * *
The orc wizard points at you and mumbles some strange words.
The magic dart hits you!
You die...

##### #####
#......##...#
#...........####
...............####
.......o#...........
..................
..........=.......
###.##.##)..#.##...
......§O.@.........
......####....##...
..... #...).## ....
#...#....# ...
##..#....## .#
#........####
#.##..#.....##
....###.....#..##
..........##...#..#


You could see a two-headed ogre and an orc wizard.

Vanquished Creatures
  Grinder (D:6)
  A hippogriff (D:9)
  A hungry ghost (D:7)
  An orc warrior (D:8)
  A sky beast (D:5)
  3 ogres
  3 centaurs
  4 bullfrogs
  A scorpion (D:7)
  A howler monkey (D:6)
  2 crimson imps
  A bullfrog zombie (D:5)
  7 orc priests
  A centaur zombie (D:7)
  A quasit (D:9)
  3 hounds
  7 orc wizards
  A bullfrog skeleton (D:9)
  Terence (D:3)
  3 iguanas
  Natasha (thrice) (D:2)
  6 worker ants
  A hound zombie (D:7)
  A howler monkey zombie (D:9)
  A worker ant zombie (D:7)
  Robin (D:4)
  13 adders
  A shadow imp (D:7)
  An ooze (D:2)
  An adder skeleton (D:7)
  2 worms (D:2)
  A dart slug (D:1)
  5 leopard geckos
  37 orcs
  7 giant cockroaches
  14 goblins
  10 hobgoblins
  22 jackals
  A quokka (D:2)
  5 bats
  6 frilled lizards
  16 kobolds
  9 rats
208 creatures vanquished.

Vanquished Creatures (others)
  An orc wizard (D:5)
1 creature vanquished.

Grand Total: 209 creatures vanquished

Notes
Turn   | Place    | Note
-------+----------+-------------------------------------------
     0 | D:1      | Drachen the Octopode Fighter began the quest for the Orb.
     0 | D:1      | Reached XP level 1. HP: 16/16 MP: 1/1
   101 | D:1      | Reached skill level 1 in Stealth
   143 | D:1      | Reached XP level 2. HP: 8/21 MP: 2/2
   468 | D:1      | Reached XP level 3. HP: 24/26 MP: 3/3
  1255 | D:2      | Found a shimmering altar of Xom.
  1255 | D:2      | Noticed Natasha
  1260 | D:2      | Killed Natasha
  1260 | D:2      | Reached skill level 5 in Stealth
  1260 | D:2      | Reached XP level 4. HP: 21/31 MP: 4/4
  1695 | D:2      | Reached XP level 5. HP: 35/36 MP: 5/5
  1941 | D:2      | Noticed Natasha
  1952 | D:2      | Killed Natasha
  1957 | D:2      | Noticed Natasha
  1965 | D:2      | Killed Natasha
  2665 | D:3      | Reached skill level 4 in Shields
  2665 | D:3      | Reached XP level 6. HP: 27/42 MP: 6/6
  3027 | D:3      | Noticed Terence
  3032 | D:3      | Killed Terence
  3088 | D:3      | Found an iron altar of Okawaru.
  3231 | D:3      | Became a worshipper of Warmaster Okawaru
  3377 | D:3      | Found a bloodstained altar of Trog.
  3534 | D:3      | Reached XP level 7. HP: 17/46 MP: 7/7
  4552 | D:4      | Reached skill level 5 in Shields
  4617 | D:4      | Reached skill level 5 in Dodging
  4775 | D:4      | Noticed Robin
  4796 | D:4      | Killed Robin
  5629 | D:5      | Entered Level 5 of the Dungeon
  5746 | D:5      | Found a staircase to the Ecumenical Temple.
  5848 | D:5      | Found Wapnuut's General Store.
  5851 | D:5      | Bought a scroll of enchant weapon for 112 gold pieces
  5851 | D:5      | Bought a scroll of identify for 30 gold pieces
  5866 | D:5      | Reached XP level 8. HP: 52/52 MP: 8/8
  5972 | D:5      | Reached skill level 5 in Long Blades
  5981 | D:5      | Reached * piety under Okawaru
  6490 | D:5      | Reached skill level 6 in Shields
  6726 | D:6      | Found Sowuocs's Antique Weapon Shoppe.
  7212 | D:6      | Reached ** piety under Okawaru
  7225 | D:6      | Noticed Grinder
  7230 | D:6      | Killed Grinder
  7230 | D:6      | Reached XP level 9. HP: 56/56 MP: 9/9
  7408 | D:7      | Reached skill level 7 in Shields
  7615 | D:7      | Reached *** piety under Okawaru
  9016 | D:9      | Reached skill level 8 in Shields
  9017 | D:9      | Noticed a two-headed ogre
  9028 | D:9      | Killed from afar by an orc wizard

Skill      XL: |  1  2  3  4  5  6  7  8  9 |
---------------+----------------------------+-----
Stealth        | 2 3 5 |  5.3
Long Blades    | 3 4 6 7 |  7.5
Shields        | 4 5 6 8 |  8.0
Dodging        | 4 5 6 7 |  7.9
Fighting       | |  3.0

Action                   |  1- 3 |  4- 6 |  7- 9 || total
-------------------------+-------+-------+-------++-------
Melee: Long sword        |    53 |   113 |    27 ||   193
       Constrict         |    19 |    36 |    61 ||   116
       Tentacles         |    11 |    26 |    84 ||   121
       Scimitar          |       |       |    41 ||    41
       Falchion          |       |       |   196 ||   196
Throw: Tomahawk          |     1 |     3 |    12 ||    16
  Use: Potion            |       |     1 |     6 ||     7
       Scroll            |       |     1 |     5 ||     6
 Stab: Sleeping          |     7 |    13 |    16 ||    36
       Distracted        |     1 |     1 |       ||     2
  Eat: Chunk             |     1 |     7 |    11 ||    19
       Ration            |       |       |     3 ||     3
Armor: Skin              |     4 |     5 |    63 ||    72
Dodge: Dodged            |    31 |    51 |   115 ||   197
Block: Shield            |    24 |    46 |   147 ||   217
       Rpst.: Long sword |    11 |    15 |     1 ||    27
       Scimitar          |       |       |     8 ||     8
       Falchion          |       |       |    37 ||    37
